 Dungeon Crawl Stone Soup version 0.25-a0-308-geac79542e2 (webtiles) character file.

Game seed: 3196188343005900345, levelgen mode: deterministic

874 MisterFreud the Ducker (level 7, -4/33 HPs)
             Began as a Felid Abyssal Knight on Dec 21, 2019.
             Was a Believer of Lugonu.
             Slain by a killer bee (8 damage)
             ... on level 6 of the Dungeon.
             The game lasted 00:23:53 (8770 turns).

MisterFreud the Ducker (Felid Abyssal Knight)       Turns: 8770, Time: 00:23:54

Health: -4/33      AC:  2    Str:  8    XL:     7   Next: 74%
Magic:  21/21      EV: 21    Int: 16    God:    Lugonu [**....]
Gold:   107        SH:  0    Dex: 15    Spells: 8/11 levels left
                                        Lives:  0   Deaths: 2

rFire    . . .     SeeInvis +     - Unarmed
rCold    . . .     Gourm    .   (shield unavailable)
rNeg     . . .     Faith    .   (armour unavailable)
rPois    .         Spirit   .   (helmet unavailable)
rElec    .         Reflect  .   (cloak unavailable)
rCorr    .         Harm     .   (gloves unavailable)
MR       +....                  (boots unavailable)
Stlth    +++.......             (no amulet)
HPRegen  0.11/turn              m - ring of magical power
MPRegen  0.17/turn              (no ring)

@: quick
A: very small, no armour, no weapons or thrown items, stealth, claws 1, fangs 3,
see invisible, carnivore, speed 1, shaggy fur 2, slow metabolism 1, sharp paws
a: Depart the Abyss, Bend Space, Renounce Religion


You were on level 6 of the Dungeon.
You worshipped Lugonu.
Lugonu was pleased with you.
You were full.

You visited 1 branch of the dungeon, and saw 7 of its levels.
You visited the Abyss 1 time.

You collected 367 gold pieces.
You spent 260 gold pieces at shops.

Inventory:

Jewellery
 m - a ring of magical power (left paw)
Scrolls
 c - 2 scrolls of blinking
 d - 4 scrolls of teleportation {unknown}
 e - 2 scrolls of remove curse {unknown}
 g - a scroll of fog
 h - a scroll of amnesia
 j - a scroll of fear {unknown}
 k - 2 scrolls of immolation {unknown}
Potions
 b - 3 potions of heal wounds
 f - a potion of curing
 i - 3 potions of mutation
 l - a potion of brilliance {unknown}
 o - a potion of ambrosia {unknown}
 p - a potion of invisibility {unknown}
Comestibles
 a - 8 rations


   Skills:
 - Level 5.0 Fighting
 - Level 6.2 Dodging
 - Level 4.3 Stealth
 - Level 4.0 Unarmed Combat
 + Level 2.6 Spellcasting
 + Level 4.3 Hexes
 + Level 5.2 Invocations


You had 8 spell levels left.
You knew the following spells:

 Your Spells              Type           Power        Failure   Level  Hunger
a - Confuse               Hex            ###.....     10%         3    ###....

Your spell library contained the following spells:

 Spells                   Type           Power        Failure   Level  Hunger
 Confusing Touch          Hex            ###...       3%          1    #......
 Gell's Gravitas          Tloc           #.........   50%         3    ###....
 Petrify                  Tmut/Erth      #.......     88%         4    #####..
 Metabolic Englaciation   Hex/Ice        #.........   91%         5    ######.
 Yara's Violent Unravell  Hex/Tmut       #.........   91%         5    ######.


Dungeon Overview and Level Annotations

Branches:
Dungeon (7/15)             Temple (0/1) D:5

Altars:
Cheibriados
Elyvilon
Hepliaklqana
Kikubaaqudgha
Nemelex Xobeh
Trog
Vehumet
Yredelemnul
Zin
The Shining One

Shops:
D:6 :

Annotations:
D:3 Grinder
D:4 3 runed translucent doors, kaychamo's ghost, amateur GrFi
Abyss:1 Prince Ribbit


Innate Abilities, Weirdness & Mutations

You cannot wear armour.
You are incapable of wielding weapons or throwing items.
Your paws allow you to move quietly. (Stealth)
You have sharp claws.
You have razor-sharp teeth.
You have supernaturally acute eyesight. (SInv)
You are carnivorous and can eat meat at any time.
You cover ground quickly.
You are covered in thick fur. (AC +2)
You have a slow metabolism.
Your sharp claws are effective at attacking unaware monsters.


Message History

There is a stone staircase leading up here.
The killer bee buzzes angrily. x2
The killer bee completely misses you.
You climb upwards.
There is a stone staircase leading down here.
You claw the killer bee!
The killer bee is heavily wounded.
The killer bee stings you. The killer bee misses you.
You miss the killer bee.
The killer bee is heavily wounded.
The killer bee stings you!
* * * LOW HITPOINT WARNING * * *
The killer bee completely misses you.
You closely miss the killer bee.
The killer bee is heavily wounded.
The killer bee closely misses you. The killer bee misses you.
You scratch the killer bee but do no damage.
The killer bee is heavily wounded.
The killer bee misses you. The killer bee stings you!
You die...

......#.........#.....#
......#.........#.....#
......'.........#.....#
......####.##.###.....#
....###.##.##.#########
....#.........'.....#
....#.........#.....#
....#.........#.....#
....#.........#.@...#
....#.##########y.########
#####'####..#########....#
#..................#.....#
#..................#.....#
##..######..##..####.##..#
#########..##..####.##..#
#....................#
#....................#


You could see a killer bee.

Vanquished Creatures
  Menkaure (D:4)
  An ice beast (D:5)
  A sky beast (D:6)
  An ogre (D:6)
  A bullfrog (D:6)
  A killer bee (D:6)
  A crimson imp (D:4)
  A quasit (D:6)
  A bullfrog zombie (D:5)
  2 hounds
  A centaur zombie (D:6)
  A jelly (D:6)
  8 worker ants
  A mummy (D:5)
  A hound skeleton (D:5)
  9 adders
  A shadow imp (D:5)
  An ooze (D:1)
  2 dart slugs
  A worm (D:5)
  3 leopard geckos
  7 orcs
  A bat zombie (D:5)
  7 giant cockroaches
  9 goblins
  5 hobgoblins
  12 jackals
  3 quokkas
  5 bats
  8 frilled lizards
  9 kobolds
  5 rats
  3 rat zombies (D:5)
  A spectral orc (D:3)
115 creatures vanquished.

Vanquished Creatures (others)
  A phantom (D:4)
  A hobgoblin (D:3)
2 creatures vanquished.

Grand Total: 117 creatures vanquished

Notes
Turn   | Place    | Note
-------+----------+-------------------------------------------
     0 | Abyss:1  | MisterFreud the Felid Abyssal Knight began the quest for
                  | the Orb.
     0 | Abyss:1  | Reached XP level 1. HP: 10/10 MP: 3/3
     7 | Abyss:1  | Found a corrupted altar of Lugonu.
    39 | D:1      | Escaped the Abyss
   177 | D:1      | Reached XP level 2. HP: 14/14 MP: 4/4
   932 | D:1      | Reached XP level 3. HP: 13/18 MP: 5/5
  1484 | D:2      | Reached ** piety under Lugonu
  1937 | D:2      | Found a glowing golden altar of the Shining One.
  2113 | D:2      | Reached skill level 4 in Dodging
  2130 | D:2      | Reached XP level 4. HP: 5/22 MP: 6/6
  2835 | D:3      | Noticed Grinder
  3154 | D:2      | Reached *** piety under Lugonu
  3446 | D:3      | Found a basalt altar of Yredelemnul.
  3564 | D:3      | Found a radiant altar of Vehumet.
  3579 | D:4      | Noticed a phantom
  4046 | D:4      | Reached XP level 5. HP: 25/25 MP: 7/7
  4595 | D:5      | Entered Level 5 of the Dungeon
  4647 | D:4      | Found a runed translucent gate.
  4647 | D:4      | Found a runed translucent gate.
  4647 | D:4      | Found a runed translucent gate.
  4648 | D:4      | Noticed kaychamo's ghost (amateur GrFi)
  4977 | D:4      | Reached skill level 5 in Fighting
  4977 | D:4      | Reached skill level 1 in Stealth
  4987 | D:4      | HP: 1/26 [worker ant (8)]
  4988 | D:4      | Slain by a worker ant
  4989 | D:4      | Reached XP level 4. HP: -1/23 MP: 6/6
  5018 | D:4      | Reached XP level 5. HP: 26/26 MP: 7/7
  5066 | D:4      | Noticed Menkaure
  5078 | D:4      | Killed Menkaure
  5078 | D:4      | Reached skill level 5 in Dodging
  5367 | D:4      | Gained mutation: You are covered in thick fur. (AC +2)
                  | [Felid growth]
  5367 | D:4      | Reached XP level 6. HP: 11/30 MP: 9/9
  5930 | D:5      | Found an ancient bone altar of Kikubaaqudgha.
  5969 | D:5      | Found a staircase to the Ecumenical Temple.
  5991 | D:5      | Found a white marble altar of Elyvilon.
  6020 | D:5      | Found a bloodstained altar of Trog.
  6022 | D:5      | Found a hazy altar of Hepliaklqana.
  6024 | D:5      | Found a glowing silver altar of Zin.
  6219 | D:5      | Found a sparkling altar of Nemelex Xobeh.
  6301 | D:5      | Found an ancient bone altar of Kikubaaqudgha.
  6435 | D:5      | Found a snail-covered altar of Cheibriados.
  6535 | D:5      | Noticed an ice beast
  6545 | D:5      | Killed an ice beast
  6545 | D:5      | Reached skill level 6 in Dodging
  6545 | D:5      | Reached XP level 7. HP: 33/33 MP: 10/10
  6860 | D:6      | Noticed Prince Ribbit
  6905 | D:6      | Found Vyegrocs's Book Emporium.
  6916 | D:6      | Bought a book of Misfortune for 260 gold pieces
  7037 | D:6      | Learned a level 3 spell: Confuse
  7043 | D:6      | Slain by Prince Ribbit
  7044 | D:6      | Reached XP level 6. HP: -1/30 MP: 19/19
  7322 | D:6      | Reached skill level 1 in Hexes
  7346 | D:6      | Reached skill level 1 in Spellcasting
  7420 | D:6      | HP: 1/30 [bullfrog (3)]
  7421 | D:6      | Reached XP level 7. HP: 1/33 MP: 11/11
  8269 | D:6      | Banished Prince Ribbit
  8269 | D:6      | Reached skill level 5 in Invocations
  8770 | D:6      | Slain by a killer bee

Levels and vault maps discovered:
D:1:      tarquinn_simple_flora_water_a, layout_loops_ring
D:2:      layout_basic, old_standard_altar
D:3:      layout_rooms, fiery_altar_vehumet,
          yredelemnul_forgotten_temple_becter, uniq_grinder
D:4:      layout_gridville, first_ration, ebering_ghost_rock_garden,
          uniq_menkaure
D:5:      layout_basic, nicolae_overflow_crystal_walls,
          lemuel_zombie_altar_kikubaaqudgha, slow_altar_1,
          nicolae_overflow_quartered_altars, minmay_temple_entry_antechambers,
          basic_altar
D:6:      layout_gridville, serial_shops, shop_statue, uniq_prince_ribbit1
D:7:      layout_gridville, grunt_ogre_cave, uniq_joseph

Skill      XL: |  1  2  3  4  5  6  7 |
---------------+----------------------+-----
Fighting       | 4 5 |  5.0
Dodging        | 4 5 6 |  6.2
Unarmed Combat | 3 4 |  4.0
Invocations    | 2 3 5 |  5.2
Stealth        | 2 4 |  4.3
Hexes          | 2 4 |  4.3
Spellcasting   | 1 2 |  2.6

Action                   |  1- 3 |  4- 6 |  7- 9 || total
-------------------------+-------+-------+-------++-------
Melee: Unarmed           |   162 |   426 |    93 ||   681
       Bite              |    14 |    35 |     6 ||    55
       Punch             |     1 |     7 |     1 ||     9
Invok: Banish            |       |     2 |     3 ||     5
  Use: Potion            |     1 |       |     2 ||     3
       Scroll            |       |     8 |     1 ||     9
 Stab: Sleeping          |     3 |    10 |     2 ||    15
       Distracted        |     1 |       |       ||     1
  Eat: Chunk             |     9 |    16 |     5 ||    30
Armor: Skin              |    12 |     9 |     7 ||    28
Dodge: Dodged            |   130 |   348 |   135 ||   613

Table legend:
 A = Non-vault XP
 B = Vault XP
 C = Vault XP percentage of total XP
 D = Non-vault monster count
 E = Vault monster count
 F = Vault count percentage of total count
                 A         B        C        D         E       F
            +---------+---------+-------+---------+---------+-------
      Total |    1493 |     378 |  20.2 |     109 |       8 |   6.8
            +---------+---------+-------+---------+---------+-------
        D:1 |      46 |       0 |   0.0 |      22 |       0 |   0.0
        D:2 |      80 |       0 |   0.0 |      29 |       0 |   0.0
        D:3 |      40 |       1 |   2.4 |      11 |       1 |   8.3
        D:4 |     333 |     175 |  34.4 |      17 |       1 |   5.6
        D:5 |     348 |      26 |   7.0 |      17 |       5 |  22.7
        D:6 |     646 |     176 |  21.4 |      13 |       1 |   7.1
            +---------+---------+-------+---------+---------+-------
